 Dungeon Crawl Stone Soup version 0.31-a0-988-g08d55dae12 (webtiles) character file.

Game seed: 2090287367445208758

28 kae the Changeling (level 2, -5/34 HPs)
             Began as a Draconian Shapeshifter on Nov 4, 2023.
             Slain by a gnoll
             ... wielding a +0 halberd
              (7 damage)
             ... on level 2 of the Dungeon.
             The game lasted 00:00:54 (760 turns).

kae the Changeling (Draconian Shapeshifter)          Turns: 760, Time: 00:00:54

Health: -5/34      AC:  4    Str: 16    XL:     2   Next: 96%
Magic:  2/2        EV: 12    Int: 10    God:
Gold:   18         SH:  0    Dex: 10    Spells: 1/1 levels left

rFire   . .          .
                       - Unarmed
rCold   . . .        (no shield)
rNeg    . . .        (body armour unavailable)
rPois   .            (helmet currently unavailable)
rElec   .            (cloak currently unavailable)
rCorr   .            (gloves currently unavailable)
SInv    .            (boots currently unavailable)
Will    .....        (no amulet) Stlth
                     (no ring)
HPRegen 0.25/turn    (no ring)
MPRegen 0.08/turn

%: no passive effects
@: brilliant, berserking, beast-form, very quick
A: beast (slay +2), AC +4, unfitting armour, cold-blooded
a: Begin Untransformation


You were on level 2 of the Dungeon.
You were a hulking beast.
You visited 1 branch of the dungeon, and saw 2 of its levels.

You collected 18 gold pieces.


Innate Abilities, Weirdness & Mutations

You are a hulking beast.
Your limbs bulge with bestial killing power. (Slay +2)
Your plain brown scales are hard. (AC +4)
You cannot fit into any form of body armour.
You are cold-blooded and may be slowed by cold attacks.


   Skills:
 - Level 1.1 Fighting
 - Level 1.7 Dodging
 + Level 3.4 Unarmed Combat
 * Level 3.7 Shapeshifting


You had one spell level left.
You didn't know any spells.
Your spell library was empty.

Inventory:

Missiles
 e - 20 stones
Talismans
 b - a beast talisman
 c - a flux talisman
Scrolls
 g - 2 scrolls of teleportation {unknown}
 h - 2 scrolls of identify {unknown}
 j - a scroll of poison {unknown}
 k - a scroll of butterflies {unknown}
 l - a scroll of immolation {unknown}
Potions
 a - a potion of lignification {!q}
 d - a potion of berserk rage {!q}
 f - a potion of enlightenment {unknown}
 i - a potion of resistance {unknown}
 m - a potion of curing {unknown}
 n - a potion of brilliance

Dungeon Overview and Level Annotations

Branches:
Dungeon (2/15) Zot: 11242

Altars:

#......# #..# #.####.# #.##
#......# #..### #..##..#
#....# # #.....[######.##.#
###..
##.........##.##.####...
#####........##..#../
#.##########.######.#.#
#.....#.........hggg..##
#####.#.####.#####g..J.#
..........#......+.....'...
..###.#.#.#..#####.....##J..
...#.#.#.#..# #.....# ..
.##.#.#.#.#..# ####### .
......#.#...## ..#.###.###.
###.#.#.# #.


You could see 4 gnolls and an endoplasm.


Message History

No target in view!
Done exploring.
No target in view!
No target in view!
There is a stone staircase leading down here.
You climb downwards.
The kobold shouts!
There is a stone staircase leading up here.
A kobold is nearby!
A kobold is nearby!
A kobold is nearby!
The kobold throws a stone.
The stone misses you. The kobold closely misses you.
You barely miss the kobold. The kobold hits you with a +0 dagger.
You hit the kobold.
You kill the kobold! 😕 HP[-2]
You take 2 damage, and now have 21/23 hp.
e - 20 stones (gained 1)
Things that are here:
a +0 dagger; a kobold corpse
Found a stone staircase leading down. 😎 HP[+2]
Your hp is fully restored (23).
No target in view!
No target in view!
Found a scorched robe.
No target in view!
No target in view!
You see here the +0 robe "Ychivig" {rF+ Str-5 Dex+3}.
You see here the +0 robe "Ychivig" {rF+ Str-5 Dex+3}.
A hobgoblin comes into view.
The hobgoblin moves out of view.
A hobgoblin is nearby!
The hobgoblin shouts!
A hobgoblin is nearby!
You closely miss the hobgoblin. You tail-slap the hobgoblin.
You kill the hobgoblin!
A gnoll comes into view. It is wielding a +0 club.
A ball python and a gnoll come into view.
The gnoll shouts!
You hear a shout!
The gnoll shouts!
A gnoll comes into view. It is wielding a +0 flail.
There are monsters nearby!
You hit the gnoll. The gnoll hits you with a +0 club.
The ball python closely misses you. The ball python grabs you.
The ball python constricts you.
A gnoll comes into view. It is wielding a +0 halberd.
You closely miss the ball python.
The gnoll shouts!
The ball python bites you. The ball python constricts you.
The gnoll hits you with a +0 club. The ball python bites you.
The ball python constricts you. 😮 HP[-9]
You take 9 damage, and now have 14/23 hp.
MASSIVE DAMAGE!! (PAUSE)
The ball python's grasp on you weakens, but your attempt to escape fails.
The gnoll closely misses you. The gnoll barely misses you.
The ball python barely misses you.
The ball python constricts you. 😮 HP[-1]
You take 1 damage, and now have 13/23 hp.
You escape the ball python's grasp.
The gnoll attacks as it pursues you! The gnoll hits you with a +0 flail.
* * * LOW HITPOINT WARNING * * *
The gnoll misses you.
The ball python attacks as it pursues you!
The ball python bites you.
* * * LOW HITPOINT WARNING * * *
The ball python barely misses you. 😨 HP[-4]
You take 4 damage, and now have 9/23 hp.
An endoplasm comes into view.
The gnoll hits you with a +0 club.
* * * LOW HITPOINT WARNING * * *
😨 HP[-2]
You take 2 damage, and now have 7/23 hp.
The gnoll attacks as it pursues you! The gnoll barely misses you.
It was a potion of brilliance.
You feel clever all of a sudden. The gnoll barely misses you.
It was a potion of berserk rage.
A red film seems to cover your vision as you go berserk!
You feel yourself moving faster!
You feel mighty! The gnoll barely misses you. 😨 HP[+4]
You now have 34 max hp (+11).
You regained 4 hp, and now have 11/34 hp.
You closely miss the gnoll.
An endoplasm comes into view.
The gnoll hits you with a +0 flail.
* * * LOW HITPOINT WARNING * * *
You closely miss the gnoll.
The endoplasm quivers.
The gnoll barely misses you. The gnoll hits you with a +0 flail!
* * * LOW HITPOINT WARNING * * *
😱 HP[-9]
You take 9 damage, and now have 2/34 hp.
MASSIVE DAMAGE!! (PAUSE)
You feel a strong urge to attack something.
The gnoll hits you from afar with a +0 halberd!
You die...

Action                     || total
---------------------------++-------
  Melee: Unarmed           ||    54
         Tailslap          ||     6
         Punch             ||     3
    Use: Potion            ||     2
 Armour: Skin              ||    34
  Dodge: Dodged            ||    47

Levels and vault maps discovered:
D:1:      eino_arrival_water_star, layout_basic, minmay_worlds_worst_comb
D:2:      layout_basic, basic_altar

Notes
Turn   | Place    | Note
-------+----------+-------------------------------------------
     0 | D:1      | kae the Draconian Shapeshifter began the quest for the Orb.
     0 | D:1      | Reached XP level 1. HP: 16/16 MP: 1/1
     0 | D:1      | magus.rc [v1.11.3]
   210 | D:1      | Reached XP level 2. HP: 21/23 MP: 2/2
   722 | D:2      | Identified the +0 robe "Ychivig" {rF+ Str-5 Dex+3}
   758 | D:2      | HP: 2/34 [gnoll/+0 flail (9)]
   760 | D:2      | Slain by a gnoll

Vanquished Creatures
  A dart slug (D:1)
  2 endoplasms (D:1)
  4 giant cockroaches (D:1)
  3 hobgoblins
  2 jackals (D:1)
  A quokka (D:1)
  A ball python (D:1)
  2 bats (D:1)
  A frilled lizard (D:1)
  2 goblins (D:1)
  3 kobolds
22 creatures vanquished.

Table legend:
 A = Non-vault XP
 B = Vault XP
 C = Vault XP percentage of total XP
 D = Non-vault monster count
 E = Vault monster count
 F = Vault count percentage of total count
                 A         B        C        D         E       F
            +---------+---------+-------+---------+---------+-------
      Total |      34 |       6 |  15.0 |      19 |       3 |  13.6
            +---------+---------+-------+---------+---------+-------
        D:1 |      31 |       6 |  16.2 |      17 |       3 |  15.0
        D:2 |       3 |       0 |   0.0 |       2 |       0 |   0.0
            +---------+---------+-------+---------+---------+-------

Action                     || total
---------------------------++-------
  Melee: Unarmed           ||    54
         Tailslap          ||     6
         Punch             ||     3
    Use: Potion            ||     2
 Armour: Skin              ||    34
  Dodge: Dodged            ||    47

Illustrated notes

Table legend:
 A = Kills in this place as a percentage of kills in the entire game.
 B = Kills by you in this place as a percentage of kills by you in the entire game.
 C = Kills by friends in this place as a percentage of kills by friends in the entire game.
 D = Other kills in this place as a percentage of other kills in the entire game.
 E = Experience gained in this place as a percentage of experience gained in the entire game.
 F = Experience gained in this place divided by the number of levels of this place that you have seen.
                   A       B       C       D       E      F
               +-------+-------+-------+-------+-------+----------------------
         Total | 100.0 | 100.0 |   N/A |   N/A | 100.0 |  20.0
       Dungeon | 100.0 | 100.0 |   N/A |   N/A | 100.0 |  20.0
               +-------+-------+-------+-------+-------+----------------------

Table legend: (Time is in decaauts)
 A = Elapsed time spent in this place.
 B = Non-inter-level travel time spent in this place.
 C = Inter-level travel time spent in this place.
 D = Time resting spent in this place.
 E = Time spent auto-exploring this place.
 F = Levels seen in this place.
 G = Mean time per level.
                   A        B        C        D        E       F      G
               +--------+--------+--------+--------+--------+-----+--------+
         Total |    756 |    735 |     21 |      0 |    601 |   2 |  378.0 |
       Dungeon |    756 |    735 |     21 |      0 |    601 |   2 |  378.0 |
               +--------+--------+--------+--------+--------+-----+--------+

Top non-repeatable levels by time:
     D:1: 670 daAuts
     D:2: 85 daAuts
